 Dungeon Crawl Stone Soup version 0.29-a0-613-gf2c431b9b9 (webtiles) character file.

Game seed: 7771646756594491140

280 Feara the Cudgeller (level 6, -4/59 HPs)
             Began as a Troll Gladiator on June 16, 2022.
             Slain by an iguana (11 damage)
             ... on level 4 of the Dungeon.
             The game lasted 00:17:19 (1286 turns).

Feara the Cudgeller (Troll Gladiator)               Turns: 1286, Time: 00:17:20

Health: -4/59      AC:  4    Str: 29    XL:     6   Next: 5%
Magic:  5/5        EV: 10    Int:  7    God:
Gold:   49         SH:  0    Dex: 13    Spells: 5/5 levels left

rFire   . . .      SeeInvis +   a - +0 flail
rCold   . . .      Faith    .   (no shield)
rNeg    . . .      Spirit   .   b - +0 robe
rPois   .          Reflect  .   c - +0 hat
rElec   .          Harm     .   (no cloak)
rCorr   .          Rampage  .   (gloves unavailable)
Will    .....                   (boots unavailable)
Stlth   +.........              (no amulet)
HPRegen 0.99/turn               g - ring of see invisible
MPRegen 0.09/turn               j - ring of the Tormentor {Str+6 Int+3}

@: flying
A: large, unfitting armour, claws 3, regeneration 1, shaggy fur 1, tough skin 1
a: no special abilities


You were on level 4 of the Dungeon.
You visited 1 branch of the dungeon, and saw 4 of its levels.

You collected 49 gold pieces.

Inventory:

Hand Weapons
 a - a +0 flail (weapon)
 f - a +0 whip
Missiles
 e - a large rock
 l - 5 boomerangs (quivered)
 r - 3 poisoned darts
 u - 59 stones
Armour
 b - a +0 robe (worn)
 c - a +0 hat (worn)
 i - a +0 helmet
Jewellery
 g - a ring of see invisible (left claw)
 j - the ring of the Tormentor (right claw) {Str+6 Int+3}
   (You found it on level 4 of the Dungeon)

   [ring of strength]

   Str:       It affects your strength (+6).
   Int:       It affects your intelligence (+3).
 t - a ring of fire
Scrolls
 m - a scroll of teleportation {unknown}
 n - a scroll of torment {unknown}
 o - 2 scrolls of poison {unknown}
Potions
 d - a potion of resistance {unknown}
 h - 2 potions of ambrosia
 k - a potion of mutation {unknown}
 p - a potion of heal wounds {unknown}
 q - a potion of invisibility {unknown}
 s - a potion of lignification {unknown}


   Skills:
 + Level 2.4 Fighting
 + Level 4.3 Maces & Flails
 + Level 3.2 Throwing
 + Level 3.2 Dodging
 + Level 0.2 Stealth


You had 5 spell levels left.
You didn't know any spells.
Your spell library was empty.

Dungeon Overview and Level Annotations

Branches:
Dungeon (4/15)
 Temple: D:4-7

Altars:

Shops:
D:3 (


Innate Abilities, Weirdness & Mutations

You are too large for most types of armour.
You have claws for hands.
Your natural rate of healing is unusually fast.
You are covered in fur. (AC +1)
You have tough skin. (AC +1)


Message History

* * * LOW HITPOINT WARNING * * *
You sock the orc priest!
You kill the orc priest!
You have reached level 6!
You feel stronger.
j - the ring of the Tormentor {Str+6 Int+3} You remove your ring of fire.
You feel stronger.
You feel clever.
j - the ring of the Tormentor (right claw) {Str+6 Int+3} An iguana comes into view.
The iguana hisses angrily.
You hear an angry hiss.
An iguana comes into view.
Throw: 5 boomerangs
Press: ? - help, Q - select action, (/) - cycle Shift-Dir - straight line, f - iguana
Aim: an iguana (63% to hit)
You throw a boomerang.
The boomerang closely misses the iguana.
Throw: 5 boomerangs
Press: ? - help, Q - select action, (/) - cycle Shift-Dir - straight line, f/p - iguana
Aim: an iguana (63% to hit)
You throw a boomerang. The boomerang barely misses the iguana.
The boomerang completely misses the iguana.
You thump the iguana!
The iguana is severely wounded.
The iguana closely misses you. The iguana bites you!
* * * LOW HITPOINT WARNING * * *
The iguana bites you!
* * * LOW HITPOINT WARNING * * *
The iguana attacks as you move away!
The iguana bites you but does no damage.
The iguana bites you.
* * * LOW HITPOINT WARNING * * *
The iguana attacks as you move away! The iguana bites you.
* * * LOW HITPOINT WARNING * * *
The iguana enters a dispersal trap!
The iguana blinks!
You blink.
The iguana blinks!
Things that are here:
a +0 club; a +0 leather armour; an orc corpse The iguana attacks as you move away!
The iguana bites you!
You die...

...........
#####.....###...
#......^........
.###.....#####.
#.....# #.....#
#....l# #....l#
#...<@# #.....#
#######


You could see 2 iguanas.

Vanquished Creatures
  Sigmund (D:2)
  2 orc priests
  An adder (D:2)
  A dart slug (D:1)
  4 orcs (D:3)
  2 ball pythons (D:3)
  3 bats
  An endoplasm (D:2)
  4 giant cockroaches
  3 goblins (D:1)
  8 hobgoblins
  4 kobolds
  A quokka (D:3)
  5 frilled lizards
  4 rats
44 creatures vanquished.

Notes
Turn   | Place    | Note
-------+----------+-------------------------------------------
     0 | D:1      | Feara the Troll Gladiator began the quest for the Orb.
     0 | D:1      | Reached XP level 1. HP: 19/19 MP: 0/0
   168 | D:1      | Reached XP level 2. HP: 23/28 MP: 1/1
   172 | D:1      | Reached skill level 3 in Maces & Flails
   595 | D:2      | Reached XP level 3. HP: 35/35 MP: 2/2
   595 | D:2      | Noticed Sigmund
   613 | D:2      | Killed Sigmund
   614 | D:2      | Reached skill level 4 in Maces & Flails
   614 | D:2      | Reached XP level 4. HP: 34/44 MP: 3/3
   614 | D:2      | Reached XP level 5. HP: 39/50 MP: 4/4
  1070 | D:3      | Found Kabrar's Weapon Emporium.
  1266 | D:4      | Reached XP level 6. HP: 16/59 MP: 5/5
  1270 | D:4      | Identified the ring of the Tormentor {Str+6 Int+3}
  1281 | D:4      | HP: 2/59 [iguana (5)]
  1286 | D:4      | Slain by an iguana

Illustrated notes

Levels and vault maps discovered:
D:1:      wheals_arrival_shading, layout_loops_ring
D:2:      layout_loops_ring, grunt_ministairs_15, nrook_campfire,
          feat_on_display, uniq_sigmund
D:3:      layout_loops_corners, mainiacjoe_overflow_six_doors_small,
          hellmonk_ecumenical_altar_blasted, serial_shops,
          nicolae_shop_bloodbath_and_beyond, shop_statue, serial_aquarium,
          aquarium_bridge_long_separate [aquarium_subvault_bridge,
          aquarium_subvault_bridge, aquarium_subvault_wall,
          aquarium_subvault_window, aquarium_subvault_bridge,
          aquarium_subvault_bridge], aquarium_window_fake,
          aquarium_window_corridor_2, aquarium_window_1, aquarium_window_fake,
          aquarium_view_2f, aquarium_view_4, aquarium_balcony_double_2,
          aquarium_pool_corner, minmay_fractal_squares_5
D:4:      kennysheep_spiral_hall, layout_basic, serial_shops, shop_fountains

Skill      XL: |  1  2  3  4  5 |
---------------+----------------+-----
Maces & Flails | 3 4 |  4.3
Throwing       | 2 3 |  3.2
Fighting       | 2 |  2.4
Dodging        | 3 |  3.2
Stealth        | |  0.2

Action                   |  1- 3 |  4- 6 || total
-------------------------+-------+-------++-------
Melee: Flail             |    51 |    37 ||    88
Throw: Throwing net      |     4 |       ||     4
       Dart              |    16 |       ||    16
       Large rock        |     3 |       ||     3
       Boomerang         |     2 |    27 ||    29
  Use: Scroll            |     3 |       ||     3
       Potion            |     2 |     1 ||     3
 Stab: Sleeping          |       |     1 ||     1
Armor: Robe              |    12 |     7 ||    19
Dodge: Dodged            |    16 |    16 ||    32

Table legend: (Time is in decaauts)
 A = Elapsed time spent in this place.
 B = Non-inter-level travel time spent in this place.
 C = Inter-level travel time spent in this place.
 D = Time resting spent in this place.
 E = Time spent auto-exploring this place.
 F = Levels seen in this place.
 G = Mean time per level.
                   A        B        C        D        E       F      G
               +--------+--------+--------+--------+--------+-----+--------+
         Total |   1308 |    575 |    733 |      0 |      5 |   4 |  327.0 |
       Dungeon |   1308 |    575 |    733 |      0 |      5 |   4 |  327.0 |
               +--------+--------+--------+--------+--------+-----+--------+

Top non-repeatable levels by time:
     D:1: 551 daAuts
     D:2: 393 daAuts
     D:3: 334 daAuts
     D:4: 29 daAuts
